 Dungeon Crawl Stone Soup version 0.21-a0-633-g4c047d5 (webtiles) character file.

68 Megalobster the Ruffian (level 4, -5/44 HPs)
             Began as a Troll Monk on Dec 28, 2017.
             Slain by a gnoll
             ... wielding a +0 halberd
              (7 damage)
             ... on level 2 of the Dungeon.
             The game lasted 00:02:11 (788 turns).

Megalobster the Ruffian (Troll Monk)                 Turns: 788, Time: 00:02:13

Health: -5/44      AC:  5    Str: 20    XL:     4   Next: 1%
Magic:  3/3        EV: 11    Int:  6    God:
Gold:   34         SH:  0    Dex: 12    Spells: 3/3 levels left

rFire    . . .     SeeInvis .     - Unarmed
rCold    + . .     Gourm    +   (no shield)
rNeg     . . .     Faith    .   a - +0 robe
rPois    .         Spirit   .   (helmet restricted)
rElec    .         Reflect  .   (no cloak)
rCorr    .         Harm     .   (gloves unavailable)
MR       .....                  (boots unavailable)
Stlth    ++........             (no amulet)
HPRegen  0.54/turn              m - ring of protection from fire
MPRegen  0.08/turn              n - ring of ice

@: lethally poisoned (-5 -> -5)
A: large, unfitting armour, claws 3, fast metabolism 3, gourmand, regeneration
1, shaggy fur 1, tough skin 2
a: no special abilities


You were on level 2 of the Dungeon.
You were very full.

You visited 1 branch of the dungeon, and saw 2 of its levels.

You collected 34 gold pieces.

Inventory:

Missiles
 c - 103 stones (quivered)
Armour
 a - a +0 robe (worn)
Jewellery
 m - a ring of protection from fire (left claw)
 n - a ring of ice (right claw)
Scrolls
 d - 2 scrolls of random uselessness {unknown}
 e - a scroll of fog {unknown}
 g - a scroll of blinking {unknown}
 i - 2 scrolls of remove curse {unknown}
 l - 3 scrolls of teleportation {unknown}
 o - a scroll of identify {unknown}
Potions
 h - a potion of cancellation
 k - a potion of flight {unknown}
 p - a potion of magic {unknown}
Comestibles
 b - 4 rations
 j - 3 chunks of flesh


   Skills:
 + Level 2.9 Fighting
 + Level 2.9 Dodging
 - Level 1.0 Stealth
 * Level 4.0 Unarmed Combat


You had 3 spell levels left.
You didn't know any spells.

Dungeon Overview and Level Annotations

Branches:
Dungeon (2/15)

Altars:


Innate Abilities, Weirdness & Mutations

You are too large for most types of armour.
You have claws for hands.
Your metabolism is lightning-fast.
You like to eat raw meat.
Your natural rate of healing is unusually fast.
You are covered in fur. (AC +1)
You have very tough skin. (AC +2)


Message History

You feel sick. The gnoll hits you with a flail. The gnoll barely misses you.
You scratch the gnoll.
The gnoll is moderately wounded.
The gnoll hits you with a flail! The gnoll closely misses you.
You scratch the gnoll but do no damage.
The gnoll is moderately wounded.
You feel sick. The gnoll hits you with a flail!
* * * LOW HITPOINT WARNING * * *
The gnoll completely misses you.
It was a potion of might.
You feel very mighty all of a sudden. The gnoll hits you with a flail.
* * * LOW HITPOINT WARNING * * *
It was a potion of cancellation.
Your magical effects are unravelling.
You feel magically purged.
You feel a little less mighty now.
You feel sick.
The gnoll hits you from afar with a halberd!
You die...

#.#.##.#.#
####.#.##.#.##### #####.
................. .......>
######.#.##.##### #..?.#.#
#...[..## #......##
#######......# .........
......'......# #........
#######......######........
#... #......'..@ggS.......
#... #...)..######........
+... ##+#...##............
#...####.#.####...g.......#
#..........# #............#
#.......### #............#
#.......# ..............#
##......# ....S..########
#..###.# .......


You could see 2 gnolls and a ball python.

Vanquished Creatures
  An adder (D:2)
  2 gnolls (D:2)
  An ooze (D:1)
  3 dart slugs (D:1)
  A leopard gecko (D:1)
  3 bats
  4 giant cockroaches
  A goblin (D:1)
  6 hobgoblins
  A kobold (D:2)
  A frilled lizard (D:1)
  5 rats
29 creatures vanquished.

Notes
Turn   | Place    | Note
-------+----------+-------------------------------------------
     0 | D:1      | Megalobster the Troll Monk began the quest for the Orb.
     0 | D:1      | Reached XP level 1. HP: 22/22 MP: 0/0
   228 | D:1      | Reached XP level 2. HP: 22/29 MP: 1/1
   532 | D:1      | Reached XP level 3. HP: 36/36 MP: 2/2
   774 | D:2      | Reached skill level 4 in Unarmed Combat
   781 | D:2      | Reached XP level 4. HP: 29/44 MP: 3/3
   788 | D:2      | HP: 2/44 [poisoned by an adder]
   788 | D:2      | Slain by a gnoll

Vault maps used:
D:1:      moated_graveyard_arrival
D:2:      cheibrodos_old_hovel, first_ration

Skill      XL: |  1  2  3 |
---------------+----------+-----
Unarmed Combat | 4 |  4.0
Fighting       | |  2.9
Dodging        | |  2.9
Stealth        | |  1.0

Action                   |  1- 3 |  4- 6 || total
-------------------------+-------+-------++-------
Melee: Unarmed           |    69 |     5 ||    74
  Use: Potion            |       |     2 ||     2
 Stab: Sleeping          |     4 |       ||     4
  Eat: Chunk             |    12 |       ||    12
Armor: Robe              |    14 |       ||    14
Dodge: Dodged            |    35 |     4 ||    39

Table legend:
 A = Spawn XP
 B = Non-spawn XP
 C = Spawn XP percentage of total XP
 D = Spawn monster count
 E = Non-spawn monster count
 F = Spawn count percentage of total count
 G = Total turns spent on level
                    A         B        C        D         E        F      G
               +---------+---------+-------+---------+---------+-------+---------
         Total |       0 |      98 |   0.0 |       0 |      29 |   0.0 |   788
               +---------+---------+-------+---------+---------+-------+---------
           D:1 |       0 |      44 |   0.0 |       0 |      19 |   0.0 |   582
           D:2 |       0 |      54 |   0.0 |       0 |      10 |   0.0 |   206
               +---------+---------+-------+---------+---------+-------+---------
